Yev-Ruu, chaotic female vampiric Wizard ----------- ----- [ |..........## |...| ---------- |.........| # |...| ------ |........|# |........<| ### |...| |&..@@ |........|# |.........| # ## " ---.- |...=[#### |........## |.........| ###--.----- # |.../| # |........|# ----.------ #.>.....| # ------ ##.........|# ## |......| ) + # -|--------# # |......| # ## # = ### |.......########## # # # # -------- # -|--.- ### # ( # * ### |....| # # --|----- # |....| ########## |......| + [ ###|....| ?! # -.--- ##.......| #.....| 0! # |...| # |......| [ |....| # |....##### |......| |....| * + ##-...| -------- " % ( ------ --|-- # Yev-Ruu the Evoker Experience level: 2 Strength: 8 Dexterity: 11 Constitution: 18 Intelligence: 18 Wisdom: 10 Charisma: 10 Health: 0(24) Energy: 26(26) AC: 2 Gold: 3630 Moves: 1657 Your Inventory: Coins $ - 3630 gold pieces Amulets n - an [uncursed] concave amulet [of life saving] Weapons a - a blessed +1 quarterstaff (alternate weapon; not wielded) Armor b - an uncursed +1 cloak of magic resistance (being worn) o - an [uncursed] +0 splint mail (being worn) Scrolls i - an uncursed scroll of create monster j - a blessed scroll of light p - an [uncursed] scroll labeled GNIK SISI VLE [of punishment] s - an [uncursed] scroll labeled ELAM EBOW [of confuse monster] Potions g - a potion of holy water z - an [uncursed] potion of water Rings d - an uncursed ring of free action e - an uncursed ring of slow digestion (on right hand) q - an [uncursed] ring of free action Wands t - an [uncursed] wand of striking [0:5] u - an [uncursed] wand of striking [0:4] Tools r - an [uncursed] lock pick Spells known in the end: Name Level Category Fail Memory a - force bolt 1 attack 40% [||||||||] b - sleep 1 enchantment 40% [||||||||] Your skills at the end: Fighting Skills Weapon Skills quarterstaff [Basic / Expert] Spellcasting Skills attack spells [Basic / Expert] enchantment spells [Basic / Skilled] Final Attributes: You were haltingly aligned. Hunger level was 867. Your alignment was 2 / 18. Monster difficulty range was 0 - 3. Level difficulty was 4. You were immune to level-drain. You were magic-protected. You were hallucinating. You could fly. You could survive without air. You had slower digestion. You regenerated. Your luck was zero. Anhur was angry with you (1). You are dead. Vanquished creatures: a shopkeeper a black pudding a rock mole 2 ponies a fog cloud a rothe a centipede a giant bat 2 werejackals 2 gnomes 2 gnome zombies a gecko 4 jackals a bat a lichen a kobold zombie 2 newts and a partridge in a pear tree 25 creatures vanquished. Voluntary challenges: You pretended to be a pacifist. You were an atheist. You went without food. You killed 1 creature. You never hit with a wielded weapon. You read items or engraved 1 time. You put on armor 5 times. You never genocided any monsters. You never polymorphed an object. You never changed form. You used no wishes. You abstained from Elbereth's help. You never encountered a bones level. You never used any Sokoban shortcuts. Dungeon overview: The Dungeons of Doom: levels 1 to 4 Level 1 a long staircase Level 2 a sink Level 4 <- You were here a potion shop History has recorded: On T:1 you entered the Dungeons of Doom to retrieve the Amulet of Yendor! On T:215 you reached level 2 of The Dungeons of Doom. On T:342 you advanced to experience level 2. On T:412 you reached level 3 of The Dungeons of Doom. On T:502 you reached level 4 of The Dungeons of Doom. Latest messages: The dwerga castrum drops a blessed spellbook of force bolt. The wiggle picks up an uncursed spellbook of sleep. The basilisk picks up 2 black gems. The octarine dragon drops 2 black gems. The chocolate pudding picks up a dagger. The Barney the dinosaur drops a dagger. The titan picks up a blessed spellbook of force bolt. The panther drops a blessed spellbook of force bolt. The quagga bites! [HP-4=20] The zergling bites! [HP-3=17] The kobold shaman bites! [HP-7=10] The scorpion bites! [HP-3=7] The rock troll misses. [HP+1=8] The maggot bites! [HP-5=3] The walking disk drive bites! You die... Final status: Goodbye Yev-Ruu the Wizard... You died in The Dungeons of Doom on dungeon level 4 with 3441 points, and 3630 pieces of gold, after 1657 moves. You were level 2 with a maximum of 24 hit points when you died.